[ AOE2 MATCH · #505867436 ]
UnrankedShu vs Khmer
Player's team · LOSS
Rival team · WIN
[ REPLAY ANALYSIS · EXTRACTED FROM THE RECORDED GAME ]
Feudal
—
Castle
—
Imperial
—
| APM avg | 31.3 |
| APM peak | 98 |
| eAPM avg | 11.0 |
| Villagers / military | 35 / 14 |
Focus
⚔️ 26.8% · 🌾 73.2%
Spearman ×6 · Archer ×5 · Skirmisher ×3
Feudal
—
Castle
—
Imperial
—
| APM avg | 38.5 |
| APM peak | 97 |
| eAPM avg | 18.3 |
| Villagers / military | 46 / 13 |
Focus
⚔️ 21.6% · 🌾 78.4%
Scout Cavalry ×10 · Skirmisher ×3
Match map
Initial resources + every placement click. Lines = walls · curves = elevation contours. ◆ gold · ⬟ stone · ● berries · ✦ relic · ◌ wall gap
Your base· Open — unwalled flank
ManyKitten76428's base· Open — unwalled flank
Smoothed initial terrain · ◌ = detected wall gap · hover for details
Inputs per minute
— DanTheMan - - ManyKitten76428
Build order — DanTheMan
83 actions detected in the replay
| 0:00 | Queue | Villager (Male) |
| 0:02 | Build | House |
| 0:04 | Build | House |
| 0:08 | Queue | Villager (Male) |
| 0:08 | Queue | Villager (Male) |
| 0:08 | Queue | Villager (Male) |
| 1:15 | Queue | Villager (Male) |
| 1:44 | Build | Lumber Camp |
| 2:01 | Queue | Villager (Male) |
| 2:01 | Queue | Villager (Male) |
| 2:19 | Queue | Villager (Male) |
| 2:20 | Queue | Villager (Male) |
| 2:39 | Queue | Villager (Male) |
| 3:20 | Queue | Villager (Male) |
| 3:40 | Queue | Villager (Male) |
| 3:57 | Build | House |
| 4:01 | Queue | Villager (Male) |
| 4:03 | Queue | Villager (Male) |
| 4:34 | Queue | Villager (Male) |
| 4:36 | Queue | Villager (Male) |
| 5:21 | Build | Mill |
| 5:29 | Queue | Villager (Male) |
| 5:30 | Queue | Villager (Male) |
| 5:34 | Build | House |
| 6:18 | Queue | Villager (Male) |
| 6:33 | Research | Loom |
| 7:19 | Research | Feudal Age |
| 7:54 | Build | Barracks |
| 8:45 | Build | Mining Camp |
| 9:12 | Queue | Villager (Male) |
| 9:13 | Queue | Villager (Male) |
| 9:45 | Build | Archery Range |
| 9:57 | Research | Double-Bit Axe |
| 10:32 | Build | House |
| 10:34 | Build | House |
| 10:36 | Queue | Archer |
| 10:36 | Queue | Archer |
| 10:36 | Queue | Archer |
| 10:56 | Queue | Villager (Male) |
| 10:57 | Queue | Villager (Male) |
| 10:58 | Queue | Villager (Male) |
| 11:00 | Queue | Villager (Male) |
| 11:11 | Build | Farm |
| 11:16 | Queue | Archer |
| 11:16 | Queue | Archer |
| 11:28 | Queue | Skirmisher |
| 11:28 | Queue | Skirmisher |
| 11:29 | Queue | Skirmisher |
| 11:47 | Build | Farm |
| 11:52 | Build | Farm |
| 12:11 | Build | Farm |
| 12:17 | Build | Farm |
| 12:38 | Build | Farm |
| 12:39 | Queue | Villager (Male) |
| 12:49 | Build | Farm |
| 13:14 | Queue | Spearman |
| 13:16 | Queue | Villager (Male) |
| 13:16 | Queue | Villager (Male) |
| 13:16 | Queue | Villager (Male) |
| 13:16 | Queue | Villager (Male) |
| 13:22 | Build | Farm |
| 13:25 | Build | Farm |
| 13:27 | Build | Farm |
| 13:36 | Build | House |
| 13:38 | Build | House |
| 13:44 | Build | Farm |
| 14:08 | Queue | Spearman |
| 14:08 | Queue | Spearman |
| 14:28 | Queue | Spearman |
| 14:31 | Build | Farm |
| 15:03 | Queue | Villager (Male) |
| 15:03 | Queue | Villager (Male) |
| 15:07 | Build | Farm |
| 15:31 | Queue | Villager (Male) |
| 15:38 | Build | Farm |
| 16:32 | Build | Blacksmith |
| 16:35 | Queue | Villager (Male) |
| 16:35 | Queue | Villager (Male) |
| 16:38 | Build | Farm |
| 17:24 | Research | Castle Age |
| 17:31 | Build | Archery Range |
| 17:41 | Queue | Spearman |
| 17:42 | Queue | Spearman |
Build order — ManyKitten76428
103 actions detected in the replay
| 0:01 | Queue | Villager (Male) |
| 0:01 | Queue | Villager (Male) |
| 0:01 | Queue | Villager (Male) |
| 0:01 | Queue | Villager (Male) |
| 0:01 | Queue | Villager (Male) |
| 0:01 | Queue | Villager (Male) |
| 0:02 | Queue | Villager (Male) |
| 0:02 | Queue | Villager (Male) |
| 0:02 | Queue | Villager (Male) |
| 0:03 | Build | House |
| 0:05 | Build | House |
| 1:15 | Queue | Villager (Male) |
| 1:16 | Queue | Villager (Male) |
| 1:49 | Queue | Villager (Male) |
| 1:49 | Queue | Villager (Male) |
| 2:14 | Queue | Villager (Male) |
| 2:14 | Queue | Villager (Male) |
| 2:16 | Build | Lumber Camp |
| 2:34 | Queue | Villager (Male) |
| 2:34 | Queue | Villager (Male) |
| 2:54 | Queue | Villager (Male) |
| 2:54 | Queue | Villager (Male) |
| 3:30 | Build | House |
| 3:31 | Build | Palisade Wall |
| 3:42 | Queue | Villager (Male) |
| 3:42 | Queue | Villager (Male) |
| 3:43 | Queue | Villager (Male) |
| 4:23 | Queue | Villager (Male) |
| 4:23 | Queue | Villager (Male) |
| 4:23 | Queue | Villager (Male) |
| 4:40 | Build | Mill |
| 4:59 | Build | House |
| 5:02 | Build | Palisade Wall |
| 5:22 | Queue | Villager (Male) |
| 5:22 | Queue | Villager (Male) |
| 5:37 | Queue | Villager (Male) |
| 5:38 | Queue | Villager (Male) |
| 5:43 | Build | Palisade Wall |
| 6:32 | Research | Loom |
| 6:57 | Build | Palisade Wall |
| 7:11 | Research | Feudal Age |
| 8:04 | Queue | Villager (Male) |
| 8:04 | Queue | Villager (Male) |
| 8:20 | Build | Palisade Wall |
| 8:43 | Build | Mill |
| 9:25 | Build | Stable |
| 9:43 | Research | Double-Bit Axe |
| 9:56 | Queue | Villager (Male) |
| 10:00 | Queue | Scout Cavalry |
| 10:00 | Queue | Scout Cavalry |
| 10:11 | Build | Blacksmith |
| 10:27 | Queue | Villager (Male) |
| 10:35 | Queue | Villager (Male) |
| 10:40 | Build | House |
| 10:44 | Build | House |
| 11:02 | Build | Farm |
| 11:05 | Research | Scale Barding Armor |
| 11:26 | Queue | Scout Cavalry |
| 11:39 | Build | Farm |
| 11:41 | Build | Farm |
| 11:43 | Build | Farm |
| 11:45 | Queue | Villager (Male) |
| 12:00 | Build | Farm |
| 12:02 | Build | Farm |
| 12:14 | Queue | Villager (Male) |
| 12:19 | Build | House |
| 12:23 | Queue | Villager (Male) |
| 12:27 | Build | Farm |
| 12:31 | Build | Farm |
| 12:55 | Research | Forging |
| 12:59 | Queue | Villager (Male) |
| 12:59 | Queue | Villager (Male) |
| 13:16 | Build | Watch Tower |
| 13:28 | Build | Mining Camp |
| 13:37 | Build | Archery Range |
| 13:42 | Queue | Villager (Male) |
| 13:47 | Queue | Villager (Male) |
| 13:51 | Queue | Scout Cavalry |
| 13:56 | Build | Farm |
| 14:05 | Build | Farm |
| 14:35 | Build | Farm |
| 14:44 | Queue | Skirmisher |
| 14:45 | Queue | Skirmisher |
| 14:46 | Queue | Scout Cavalry |
| 14:46 | Queue | Scout Cavalry |
| 15:14 | Queue | Scout Cavalry |
| 15:14 | Queue | Scout Cavalry |
| 15:32 | Build | Farm |
| 15:43 | Queue | Skirmisher |
| 15:48 | Queue | Villager (Male) |
| 15:49 | Queue | Villager (Male) |
| 16:31 | Queue | Scout Cavalry |
| 16:31 | Queue | Scout Cavalry |
| 16:37 | Build | House |
| 16:39 | Build | House |
| 16:40 | Build | House |
| 16:46 | Build | Farm |
| 16:54 | Build | Mining Camp |
| 16:58 | Build | House |
| 17:03 | Build | Farm |
| 17:07 | Queue | Villager (Male) |
| 17:07 | Queue | Villager (Male) |
| 17:08 | Queue | Villager (Male) |
Match timeline
| 3:31 | ManyKitten76428 · wall_segment Palisade Wall x1 |
| 5:02 | ManyKitten76428 · wall_segment Palisade Wall x4 |
| 5:43 | ManyKitten76428 · wall_segment Palisade Wall x7 |
| 6:57 | ManyKitten76428 · wall_segment Palisade Wall x10 |
| 7:54 | DanTheMan · first_building Barracks |
| 8:20 | ManyKitten76428 · wall_segment Palisade Wall x6 |
| 9:25 | ManyKitten76428 · first_building Stable |
| 9:45 | DanTheMan · first_building Archery Range |
| 13:37 | ManyKitten76428 · first_building Archery Range |
| 17:54 | DanTheMan · resign |
[ AI ANALYSIS · 1 CREDIT ]
What really happened in this match?
Wolo.gg analyzes every decision: build order, eco, micro, common mistakes by bracket. Personalized analysis on WhatsApp or Discord in 30 seconds.
Civ guide
Shu
Perfil
Jugador #2559913